[ AOE2 MATCH · #505328337 ]
UnrankedPortuguese vs Armenians
Player's team · LOSS
[ REPLAY ANALYSIS · EXTRACTED FROM THE RECORDED GAME ]
Feudal
9:12
Castle
—
Imperial
—
| APM avg | 104.6 |
| APM peak | 139 |
| eAPM avg | 38.2 |
| Villagers / military | 28 / 3 |
Focus
⚔️ 61.8% · 🌾 38.2%
Archer ×2 · Spearman ×1
Feudal
10:12
Castle
—
Imperial
—
| APM avg | 68.3 |
| APM peak | 93 |
| eAPM avg | 24.6 |
| Villagers / military | 24 / 8 |
Focus
⚔️ 28.9% · 🌾 71.1%
Militia ×5 · Archer ×2 · Spearman ×1
Match map
Initial resources + every placement click. Lines = walls · curves = elevation contours. ◆ gold · ⬟ stone · ● berries · ✦ relic · ◌ wall gap
Your base· Open — unwalled flank
ARC.Lighty's base· Open — unwalled flank
Smoothed initial terrain · ◌ = detected wall gap · hover for details
Inputs per minute
— Itz_Zenta - - ARC.Lighty
Build order — Itz_Zenta
61 actions detected in the replay
| 0:01 | Create | Villager (Male) ×4 |
| 0:02 | Build | House |
| 0:02 | Build | House |
| 1:10 | Create | Villager (Male) |
| 1:40 | Create | Villager (Male) |
| 2:00 | Create | Villager (Male) |
| 2:24 | Build | Lumber Camp |
| 2:31 | Create | Villager (Male) |
| 2:31 | Create | Villager (Male) |
| 2:57 | Create | Villager (Male) |
| 3:15 | Create | Villager (Male) |
| 3:35 | Create | Villager (Male) |
| 3:51 | Build | House |
| 4:00 | Create | Villager (Male) |
| 4:34 | Create | Villager (Male) |
| 4:41 | Build | Palisade Wall |
| 4:44 | Build | House |
| 5:07 | Create | Villager (Male) |
| 5:18 | Build | Palisade Wall |
| 5:21 | Build | Palisade Wall |
| 5:28 | Create | Villager (Male) |
| 6:07 | Build | Mill |
| 6:08 | Create | Villager (Male) |
| 6:41 | Research | Loom |
| 6:44 | Build | Palisade Wall |
| 6:53 | Build | Palisade Wall |
| 6:55 | Build | Palisade Wall |
| 6:58 | Research | Feudal Age |
| 8:12 | Create | Villager (Male) |
| 8:14 | Build | House |
| 8:18 | Build | House |
| 8:24 | Create | Villager (Male) |
| 8:47 | Create | Villager (Male) |
| 8:51 | Build | Barracks |
| 9:10 | Create | Villager (Male) |
| 9:12 | Age | Feudal Age |
| 9:34 | Create | Villager (Male) |
| 9:43 | Build | Archery Range |
| 9:53 | Create | Villager (Male) |
| 10:11 | Create | Spearman |
| 10:14 | Research | Double-Bit Axe |
| 10:28 | Create | Archer |
| 10:29 | Build | Palisade Wall |
| 10:35 | Create | Villager (Male) |
| 10:45 | Build | Mining Camp |
| 10:51 | Create | Villager (Male) |
| 11:03 | Build | Palisade Wall |
| 11:15 | Create | Villager (Male) |
| 11:24 | Create | Villager (Male) |
| 11:35 | Build | Blacksmith |
| 11:36 | Build | Palisade Wall |
| 11:36 | Build | Palisade Wall |
| 11:41 | Build | Stone Wall |
| 11:48 | Build | Palisade Wall |
| 11:54 | Research | Town Watch |
| 11:59 | Build | Palisade Wall |
| 12:01 | Build | Palisade Wall |
| 12:14 | Create | Archer |
| 12:20 | Research | Fletching |
| 12:20 | Create | Villager (Male) |
| 12:22 | Build | House |
Build order — ARC.Lighty
60 actions detected in the replay
| 0:01 | Create | Villager (Male) |
| 0:02 | Build | House |
| 0:02 | Build | House |
| 0:05 | Create | Villager (Male) |
| 0:07 | Create | Villager (Male) |
| 0:07 | Create | Villager (Male) |
| 1:29 | Create | Villager (Male) |
| 1:50 | Build | Mule Cart |
| 2:04 | Create | Villager (Male) |
| 2:27 | Create | Villager (Male) |
| 2:46 | Create | Villager (Male) |
| 3:09 | Create | Villager (Male) |
| 3:36 | Create | Villager (Male) |
| 3:39 | Build | House |
| 3:54 | Create | Villager (Male) |
| 4:17 | Build | Barracks |
| 4:31 | Create | Villager (Male) |
| 4:55 | Create | Villager (Male) |
| 5:08 | Build | House |
| 5:11 | Create | Militia |
| 5:12 | Create | Spearman |
| 5:16 | Create | Villager (Male) |
| 5:41 | Create | Villager (Male) |
| 5:58 | Build | Mill |
| 6:06 | Create | Militia |
| 6:11 | Create | Villager (Male) |
| 6:26 | Create | Villager (Male) |
| 6:30 | Research | Loom |
| 7:01 | Build | House |
| 7:18 | Create | Villager (Male) |
| 8:02 | Research | Feudal Age |
| 9:04 | Build | Mule Cart |
| 9:17 | Create | Villager (Male) |
| 9:47 | Create | Militia |
| 10:02 | Create | Militia |
| 10:12 | Age | Feudal Age |
| 10:15 | Build | Archery Range |
| 10:17 | Build | House |
| 10:22 | Build | Palisade Wall |
| 10:35 | Build | House |
| 10:36 | Create | Villager (Male) |
| 10:41 | Create | Militia |
| 10:50 | Build | House |
| 10:53 | Build | Palisade Wall |
| 10:55 | Build | Blacksmith |
| 10:58 | Build | House |
| 11:04 | Build | House |
| 11:06 | Create | Villager (Male) |
| 11:07 | Research | Man-at-Arms (upgrade) |
| 11:18 | Build | Farm |
| 11:20 | Build | Farm |
| 11:24 | Create | Villager (Male) |
| 11:30 | Build | Farm |
| 11:39 | Build | Palisade Wall |
| 11:46 | Create | Villager (Male) |
| 11:53 | Create | Archer |
| 11:55 | Build | Farm |
| 12:16 | Create | Villager (Male) |
| 12:31 | Create | Archer |
| 12:32 | Build | Farm |
Match timeline
| 4:17 | ARC.Lighty · first_building Barracks |
| 4:41 | Itz_Zenta · wall_segment Palisade Wall x1 |
| 5:18 | Itz_Zenta · wall_segment Palisade Wall x10 |
| 5:21 | Itz_Zenta · wall_segment Palisade Wall x1 |
| 6:44 | Itz_Zenta · wall_segment Palisade Wall x1 |
| 6:53 | Itz_Zenta · wall_segment Palisade Wall x1 |
| 6:55 | Itz_Zenta · wall_segment Palisade Wall x1 |
| 8:51 | Itz_Zenta · first_building Barracks |
| 9:12 | Itz_Zenta · age_up feudal |
| 9:43 | Itz_Zenta · first_building Archery Range |
| 10:12 | ARC.Lighty · age_up feudal |
| 10:15 | ARC.Lighty · first_building Archery Range |
| 10:22 | ARC.Lighty · wall_segment Palisade Wall x5 |
| 10:29 | Itz_Zenta · wall_segment Palisade Wall x1 |
| 10:53 | ARC.Lighty · wall_segment Palisade Wall x1 |
| 11:03 | Itz_Zenta · wall_segment Palisade Wall x8 |
| 11:36 | Itz_Zenta · wall_segment Palisade Wall x1 |
| 11:36 | Itz_Zenta · wall_segment Palisade Wall x1 |
| 11:39 | ARC.Lighty · wall_segment Palisade Wall x5 |
| 11:41 | Itz_Zenta · wall_segment Stone Wall x1 |
| 11:48 | Itz_Zenta · wall_segment Palisade Wall x1 |
| 11:59 | Itz_Zenta · wall_segment Palisade Wall x1 |
| 12:01 | Itz_Zenta · wall_segment Palisade Wall x1 |
| 12:34 | Itz_Zenta · resign |
[ AI ANALYSIS · 1 CREDIT ]
What really happened in this match?
Wolo.gg analyzes every decision: build order, eco, micro, common mistakes by bracket. Personalized analysis on WhatsApp or Discord in 30 seconds.
Civ guide
Portuguese
Perfil
Jugador #24335740